 Dungeon Crawl Stone Soup version 0.28-a0-239-g68911e0c57 (webtiles) character file.

Game seed: 11345396772991262260

62 graki42 the Vexing (level 3, -6/19 HPs)
             Began as a Deep Elf Enchanter on Aug 23, 2021.
             Mangled by a kobold (15 damage)
             ... on level 2 of the Dungeon.
             The game lasted 00:06:23 (2556 turns).

graki42 the Vexing (Deep Elf Enchanter)             Turns: 2556, Time: 00:06:24

Health: -6/19      AC:  2    Str:  6    XL:     3   Next: 85%
Magic:  6/10       EV: 13    Int: 19    God:
Gold:   167        SH:  0    Dex: 15    Spells: 7/9 levels left

rFire   . . .      SeeInvis .   h - +1 dagger (vamp)
rCold   . . .      Faith    .   (no shield)
rNeg    . . .      Spirit   .   b - +0 robe
rPois   .          Reflect  .   (no helmet)
rElec   .          Harm     .   (no cloak)
rCorr   .          Rampage  .   (no gloves)
Will    .....                   (no boots)
Stlth   +++.......              (no amulet)
HPRegen 0.06/turn               (no ring)
MPRegen 0.12/turn               (no ring)

@: no status effects
A: no striking features
a: no special abilities


You were on level 2 of the Dungeon.
You visited 1 branch of the dungeon, and saw 2 of its levels.

You collected 167 gold pieces.

Inventory:

Hand Weapons
 h - a +1 vampiric dagger (weapon)
Armour
 b - a +0 robe (worn)
Scrolls
 e - 3 scrolls of identify {unknown}
 g - a scroll of brand weapon {unknown}
Potions
 a - a potion of brilliance {unknown}
 c - a potion of invisibility
 d - 2 potions of haste {unknown}
 f - 2 potions of curing {unknown}
 i - a potion of heal wounds {unknown}
 j - a potion of resistance {unknown}
 k - a potion of degeneration {unknown}
 l - a potion of cancellation {unknown}


   Skills:
 + Level 1.7 Short Blades
 + Level 3.1 Dodging
 + Level 4.1 Stealth
 + Level 3.6 Spellcasting
 + Level 4.4 Hexes
 + Level 1.2 Ice Magic


You had 7 spell levels left.
You knew the following spells:

 Your Spells              Type           Power      Damage    Failure   Level
a - Ensorcelled Hibernat  Hex/Ice        28%        N/A       7%          2

Your spell library contained the following spells:

 Spells                   Type           Power      Damage    Failure   Level
 Corona                   Hex            22%        N/A       2%          1
 Confusing Touch          Hex            20%        N/A       7%          3
 Tukima's Dance           Hex            20%        N/A       7%          3
 Animate Skeleton         Necr           6%         N/A       14%         1
 Apportation              Tloc           6%         N/A       14%         1
 Summon Small Mammal      Summ           12%        N/A       14%         1
 Dazzling Flash           Conj/Hex       22%        N/A       17%         3


Dungeon Overview and Level Annotations

Branches:
Dungeon (2/15)

Altars:


Message History

You hit the bat.
You feel better.
You kill the bat!
You hit the quokka.
The quokka is heavily wounded.
The quokka bites you.
You hit the quokka.
The quokka is severely wounded.
The quokka bites you.
You hit the quokka but do no damage.
The quokka is severely wounded.
The quokka barely misses you. x2
You miss the quokka.
The quokka is severely wounded.
The quokka bites you but does no damage.
You hit the quokka.
You feel better.
You kill the quokka!
Sorry, you're not good enough to have a special ability.
Unknown command.
Sorry, you're not good enough to have a special ability.
Casting: Ensorcelled Hibernation (safe; 7% risk of failure)
Confirm with . or Enter, or press ? or * to list all spells.
Aiming: Ensorcelled Hibernation (safe; 7% risk of failure)
Press: ? - help, Shift-Dir - straight line, f - adder
Aim: an adder (chance to affect: 53%)
The adder resists with significant effort.
The adder bites you but does no damage. The adder bites you.
Casting: Ensorcelled Hibernation (safe; 7% risk of failure)
Confirm with . or Enter, or press ? or * to list all spells.
Aiming: Ensorcelled Hibernation (safe; 7% risk of failure)
Press: ? - help, Shift-Dir - straight line, f/p - adder
Aim: an adder (chance to affect: 53%)
The adder looks drowsy...
The helpless adder fails to defend itself.
You impale the adder!!
You feel better.
You kill the adder!
You barely miss the kobold.
The kobold hits you with a +1 dagger of electrocution.
You are electrocuted!
Ouch! That really hurt!
You die...

.# ##...# #.# ####>...# ####.###
........# ##.##...# .###....#
##.#.###.#### ###
..##.#########.###ยง......# #..
..##.###......## ##.#.##.######.#
.........#####.###.##...........#
.###...### ##.#..#####.########
.....#.# ##@#.#####.# ######.#
#K#.......# #.# #.######### #.#
#......<..# #.# #K..##.##.# ...
.... ..# # ... S.. ..# .. ..## #
##


You could see a kobold.

Vanquished Creatures
  2 adders (D:2)
  3 ball pythons
  3 endoplasms
  A giant cockroach (D:2)
  10 hobgoblins
  4 quokkas
  6 bats
  4 frilled lizards
  3 goblins
  2 kobolds
  A rat (D:2)
39 creatures vanquished.

Notes
Turn   | Place    | Note
-------+----------+-------------------------------------------
     0 | D:1      | graki42 the Deep Elf Enchanter began the quest for the Orb.
     0 | D:1      | Reached XP level 1. HP: 10/10 MP: 6/6
   329 | D:1      | Reached XP level 2. HP: 7/15 MP: 8/8
   332 | D:1      | Learned a level 2 spell: Ensorcelled Hibernation
  1404 | D:2      | Reached XP level 3. HP: 15/19 MP: 6/9
  1781 | D:2      | Reached skill level 1 in Ice Magic
  2556 | D:2      | Mangled by a kobold

Illustrated notes

Levels and vault maps discovered:
D:1:      psy_arrival_radial02, layout_basic
D:2:      layout_loops_cross

Skill      XL: |  1  2  3 |
---------------+----------+-----
Stealth        | 4 |  4.1
Ice Magic      | 1 |  1.2
Dodging        | 3 |  3.1
Short Blades   | |  1.7
Spellcasting   | |  3.6
Hexes          | |  4.4

Action                   || total
-------------------------++-------
Melee: Dagger            ||   180
 Cast: Ensorcelled Hiber ||     3
 Stab: Sleeping          ||     9
Armor: Robe              ||    20
Dodge: Dodged            ||    94

Table legend: (Time is in decaauts)
 A = Elapsed time spent in this place.
 B = Non-inter-level travel time spent in this place.
 C = Inter-level travel time spent in this place.
 D = Time resting spent in this place.
 E = Time spent auto-exploring this place.
 F = Levels seen in this place.
 G = Mean time per level.
                   A        B        C        D        E       F      G
               +--------+--------+--------+--------+--------+-----+--------+
         Total |   2551 |   2535 |     16 |    285 |   1885 |   2 | 1275.5 |
       Dungeon |   2551 |   2535 |     16 |    285 |   1885 |   2 | 1275.5 |
               +--------+--------+--------+--------+--------+-----+--------+

Top non-repeatable levels by time:
     D:2: 1343 daAuts
     D:1: 1207 daAuts
